Map: Canyon of Tribulation

Players

leo

  • Race: Terran Terran
  • Spawn Location: 12:00

FallOfMan

  • Race: Terran Terran
  • Spawn Location: 12:00

TheGotj

  • Race: Terran Terran
  • Spawn Location: 3:00

MattBarry

  • Race: Terran Terran
  • League: Gold
  • Spawn Location: 6:00

Alebay

  • Race: Protoss Protoss
  • Spawn Location: 6:00

MattBarry

  • Race: Zerg Zerg
  • Spawn Location: 7:00

VOD

Have the link to the VOD?

Description

Time

  • Played on: Jan. 18, 2023, 6:42 p.m.
  • Length: 17:33
Show
View Real Time Build Order
Export as new Build Order

leo Terran 

Build Orders:  

Get SALT Encoding   

  12  0:01  SCV  
  13  0:13  SCV  
  14  0:21  Supply Depot  
  14  0:32  SCV  
  15  0:44  SCV  
  15  0:47  Barracks  
  16  0:56  SCV  
  17  0:59  Refinery  
  17  1:09  SCV  
  18  1:21  SCV  
  19  1:31  Supply Depot  
  19  1:33  SCV  
  20  1:45  Barracks, SCV  
  21  1:57  SCV  
  22  2:02  Refinery  
  22  2:05  Barracks Tech Lab  
  22  2:09  SCV  
  22  2:10  Engineering Bay  
  23  2:22  SCV  
  24  2:24  Marine  
  25  2:34  Orbital Command  
  25  2:36  Barracks Reactor  
  25  2:42  Marine  
  26  2:45  Factory  
  26  2:53  Sensor Tower  
  26  3:00  Marine  
  27  3:17  Marine  
  28  3:25  SCV  
  29  3:29  Command Center  
  29  3:30  Factory Tech Lab  
  29  3:35  Marine  
  29  3:37  SCV  
  29  3:38  Barracks  
  31  3:46  Missile Turret  
  31  4:12  Supply Depot  
  31  4:24  Combat Shield  
  31  4:33  Marine, SCV  
  31  4:35  Supply Depot  
  33  4:45  SCV  
  33  4:48  Supply Depot, SCV  
  35  4:58  SCV  
  35  4:59  Supply Depot  
  36  5:00  SCV  
  37  5:09  Barracks Reactor  
  37  5:10  SCV  
  37  5:12  SCV  
  39  5:22  SCV  
  39  5:24  Marine x3  
  39  5:25  SCV  
  44  5:34  SCV  
  45  5:37  SCV  
  45  5:41  Marine  
  45  5:42  Marine x2  
  49  5:43  Supply Depot  
  49  5:46  Starport, SCV  
  49  5:49  Supply Depot  
  50  5:55  Siege Tank  
  53  5:59  Marine x2  
  53  6:00  Marine, Terran Infantry Weapons Level 1  
  56  6:04  Marine x2  
  56  6:06  Supply Depot  
  56  6:09  SCV  
  59  6:13  Supply Depot  
  59  6:17  Marine x3  
  62  6:21  SCV  
  62  6:22  Marine x2  
  65  6:33  SCV, Engineering Bay  
  65  6:35  Marine x3  
  69  6:40  Refinery  
  69  6:43  Refinery  
  69  6:45  SCV  
  70  6:57  SCV  
  71  7:06  Siege Tank  
  74  7:09  SCV  
  75  7:21  Marine x5, SCV  
  81  7:26  Starport Reactor  
  81  7:39  Marine x5  
  81  7:40  Orbital Command  
  86  7:56  Terran Infantry Armor Level 1, Marine x2  
  86  7:57  Marine  
  89  8:10  Armory  
  89  8:20  Medivac x2  
  89  8:25  Stimpack  
  89  8:26  Marine x3  
  89  8:27  Marine x2  
  98  8:36  Barracks  
  98  8:44  Marine x4  
  98  8:45  Marine  
  98  8:46  Barracks  
  103  8:50  Medivac x2  
  103  8:54  Supply Depot  
  107  9:02  Marine, Terran Vehicle Weapons Level 1, Armory  
  108  9:08  Terran Infantry Weapons Level 2  
  108  9:17  Supply Depot  
  108  9:20  Medivac  
  109  9:48  Barracks Reactor  
  109  9:49  Barracks Reactor  
  109  9:54  Barracks  
  109  9:58  Barracks  
  109  10:11  Supply Depot  
  109  10:35  Supply Depot  
  109  10:38  Missile Turret  
  108  11:01  Missile Turret  
  108  11:19  Thor  
  108  11:22  Smart Servos  
  114  11:31  Barracks Reactor  
  114  11:33  Marine x5  
  114  11:34  Marine x4  
  114  11:37  Barracks Reactor  
  123  11:44  Terran Vehicle And Ship Armor Level 1  
  123  11:51  Marine x6  
  123  11:52  Marine x3  
  132  11:56  Missile Turret  
  131  12:02  Thor  
  137  12:08  Marine  
  137  12:09  Marine x7  
  137  12:10  Marine  
  146  12:26  Marine x2  
  146  12:27  Marine x6  
  146  12:28  Marine x2  
  146  12:29  Marine x2  
  158  12:33  Command Center  
  158  12:37  Marine  
  159  12:44  Marine x4  
  159  12:45  Marine x2, Thor  
  159  12:46  Terran Infantry Armor Level 2  
  159  12:48  Terran Infantry Weapons Level 3  
  171  13:00  Medivac  
  171  13:01  Medivac  
  175  13:30  Medivac  
  138  14:46  Marine x5  
  138  14:47  Marine x6  
  138  14:48  Marine  
  150  14:59  SCV  
  151  15:04  Marine x6  
  151  15:05  Marine x6  
  163  15:12  SCV, Medivac x2  
  168  15:21  Marine  
  168  15:22  Marine x6, Refinery  
  168  15:23  Marine x5  
  168  15:24  SCV  
  168  15:27  Refinery  
  181  15:47  Missile Turret, Marine x9, SCV, Medivac x2  
  195  15:51  Missile Turret  
  195  15:59  SCV  
  126  16:55  Marine x2  
  126  16:56  Marine x6  
  126  16:57  Marine x4  
  107  17:13  Marine x3  
  107  17:14  Marine x7  
  107  17:15  Marine x2  
Show
View Real Time Build Order
Export as new Build Order

FallOfMan Terran 

Build Orders:  

Get SALT Encoding   

  12  0:54  Command Center  
  12  1:02  Supply Depot  
  12  1:05  SCV  
  13  1:27  SCV  
  13  1:32  Barracks  
  14  1:34  Refinery  
  14  1:39  SCV  
  15  1:52  SCV  
  16  2:04  SCV  
  17  2:19  Orbital Command  
  17  2:30  Refinery  
  17  2:35  Orbital Command  
  17  2:40  Marine  
  18  2:54  Factory  
  18  2:58  Marine  
  18  3:02  SCV  
  18  3:03  SCV  
  21  3:15  SCV x2  
  21  3:16  Marine  
  25  3:27  SCV x2  
  25  3:31  Supply Depot  
  26  3:34  Marine  
  26  3:39  SCV x2  
  29  3:47  Factory Tech Lab  
  29  3:49  Command Center  
  29  3:51  SCV x2  
  31  3:58  Supply Depot  
  31  4:03  SCV x2  
  31  4:08  Engineering Bay  
  33  4:15  SCV  
  33  4:16  SCV  
  35  4:26  Starport  
  35  4:27  SCV  
  35  4:28  SCV  
  35  4:29  Armory  
  37  4:33  Armory  
  37  4:35  Siege Tank  
  40  4:39  SCV  
  40  4:42  Supply Depot  
  40  4:43  Marine  
  42  4:53  Missile Turret  
  42  5:01  Marine  
  42  5:03  Refinery  
  42  5:05  Missile Turret  
  42  5:06  Supply Depot, Refinery  
  43  5:11  Orbital Command  
  43  5:13  SCV x2  
  45  5:15  Starport Reactor  
  45  5:25  SCV x2  
  47  5:31  Terran Ship Weapons Level 1  
  47  5:33  Starport  
  47  5:40  Refinery  
  47  5:42  Refinery  
  47  5:53  SCV x3  
  50  6:03  Missile Turret  
  50  6:04  Hi-Sec Auto Tracking, Missile Turret  
  50  6:05  SCV x2  
  52  6:13  SCV  
  53  6:21  Starport  
  53  6:22  Starport Reactor  
  53  6:25  Supply Depot  
  53  6:26  SCV  
  53  6:27  Supply Depot, Siege Tank  
  57  6:38  SCV  
  58  6:40  Viking x2  
  62  6:47  Marine  
  62  6:50  SCV  
  64  6:58  Starport  
  64  7:02  SCV  
  64  7:05  Marine  
  66  7:10  Viking x2  
  66  7:14  SCV  
  71  7:23  Marine  
  71  7:26  Terran Vehicle And Ship Armor Level 1  
  71  7:27  Siege Tank  
  75  7:33  Viking x2  
  75  7:36  Starport Reactor  
  79  7:37  Starport Reactor  
  79  7:38  Terran Ship Weapons Level 2  
  79  7:40  Supply Depot, Viking x2  
  83  7:58  Missile Turret  
  83  7:59  Siege Tank  
  83  8:04  Supply Depot  
  86  8:10  Viking x2  
  90  8:26  Missile Turret  
  90  8:40  Viking x2  
  90  8:41  Viking x4  
  102  8:54  Viking x2  
  106  8:58  Supply Depot  
  106  9:10  Viking x2  
  106  9:11  Viking x3  
  116  9:19  Viking  
  116  9:21  Supply Depot  
  118  9:24  Viking x2  
  116  9:40  Viking  
  83  10:21  Viking  
  83  10:22  Viking x7  
  99  10:39  Terran Vehicle And Ship Armor Level 2  
  99  10:51  Viking  
  99  10:52  Viking x7  
  115  11:04  Missile Turret  
  115  11:07  Command Center  
  115  11:11  Supply Depot  
  115  11:14  SCV x3  
  118  11:21  Viking  
  118  11:22  Viking x5  
  118  11:23  Viking  
  126  11:56  Viking x5  
  126  12:01  Viking  
  104  12:18  Viking  
  104  12:19  Viking  
  108  12:26  Viking x2  
  108  12:29  Viking  
  114  12:35  Viking  
  112  13:27  Viking x5  
  114  13:32  Viking  
  107  13:40  Orbital Command  
  100  13:41  Viking  
  82  13:57  Viking  
  78  14:14  Viking  
  78  14:16  Starport Reactor  
  68  14:30  SCV  
  62  14:31  Viking  
  62  14:32  Viking  
  66  14:40  Orbital Command  
  66  14:42  Supply Depot x2, SCV  
  66  14:44  Viking  
  69  14:54  SCV  
  70  15:01  Viking  
  70  15:02  Viking  
  70  15:06  SCV  
  75  15:08  Refinery  
  75  15:09  Refinery  
  75  15:14  Viking  
  75  15:16  Refinery  
  75  15:17  Viking x2, Refinery  
  75  15:18  SCV  
  82  15:21  Supply Depot  
  82  15:23  Supply Depot  
  82  15:30  SCV  
  82  15:31  Viking  
  82  15:32  Viking  
  87  15:37  Orbital Command  
  87  15:42  SCV  
  86  15:44  Viking  
  86  15:47  Viking x2  
  76  16:01  Viking  
  76  16:02  Viking  
  73  16:14  Viking  
  73  16:17  Viking x2  
  77  16:31  Viking  
  77  16:32  Viking  
  81  16:44  Viking  
Show
View Real Time Build Order
Export as new Build Order

TheGotj Terran 

Build Orders:  

Get SALT Encoding   

  12  0:03  SCV  
  13  0:15  SCV  
  14  0:27  Supply Depot, SCV  
  15  0:35  Refinery  
  15  0:51  Barracks  
  15  0:58  Supply Depot  
  15  1:01  Refinery  
  15  1:19  SCV  
  15  1:20  Refinery  
  16  1:31  SCV  
  17  1:41  Marine  
  17  1:43  SCV  
  19  1:55  SCV  
  19  1:59  Marine  
  21  2:10  Factory  
  21  2:17  Marine  
  22  2:32  SCV  
  22  2:34  Marine  
  24  2:44  SCV  
  25  2:52  Marine  
  25  2:56  Starport, SCV, Factory Tech Lab  
  27  3:01  Supply Depot  
  27  3:10  Marine  
  27  3:11  SCV  
  29  3:23  Orbital Command, Siege Tank  
  29  3:24  Supply Depot  
  32  3:28  Marine  
  33  3:41  Medivac  
  35  3:46  Marine  
  36  3:55  Siege Tank  
  39  4:11  Medivac  
  39  4:13  SCV  
  42  4:25  Command Center  
  42  4:29  Marine  
  43  4:44  Siege Tank  
  46  4:47  Marine  
  47  5:18  Supply Depot  
  47  5:36  Marine  
  47  5:37  Supply Depot, Siege Tank, Medivac  
  53  5:43  Supply Depot  
  53  5:50  Orbital Command  
  53  5:54  Marine  
  54  5:58  Refinery  
  54  6:02  Refinery  
  54  6:09  Siege Tank  
  57  6:12  Marine  
  36  8:05  Siege Tank  
  36  8:08  Starport Reactor  
  36  8:10  Marine  
  37  8:15  Supply Depot  
  37  8:24  Starport, SCV  
  38  8:28  Marine  
  39  8:36  SCV x2  
  39  8:37  Siege Tank  
  39  8:40  Engineering Bay  
  44  8:46  Marine  
  44  8:48  Armory, SCV x2  
  47  9:00  SCV x2  
  47  9:02  Medivac  
  51  9:03  Medivac  
  51  9:04  Marine  
  51  9:06  Starport Tech Lab  
  51  9:09  Siege Tank  
  57  9:12  SCV x2  
  59  9:21  Marine  
  60  9:24  SCV x2  
  62  9:35  Medivac  
  62  9:36  SCV  
  65  9:39  Marine  
  65  9:42  Siege Tank  
  65  9:44  Terran Vehicle Weapons Level 1  
  69  9:52  Supply Depot  
  69  9:56  SCV  
  70  10:05  Medivac  
  72  10:09  SCV  
  72  10:14  Siege Tank  
  76  10:18  Marine  
  76  10:21  SCV  
  78  10:23  Medivac  
  78  10:24  Medivac  
  82  10:31  Terran Infantry Weapons Level 1  
  82  10:33  SCV  
  83  10:35  Marine  
  83  10:37  Barracks  
  84  10:46  Siege Tank  
  87  10:53  Marine  
  88  11:08  Command Center, Medivac  
  90  11:11  Marine  
  90  11:18  Siege Tank  
  94  11:26  Barracks Tech Lab, Engineering Bay  
  94  11:29  Barracks Reactor  
  94  11:45  SCV  
  95  11:50  Siege Tank  
  98  11:57  SCV  
  99  12:10  SCV  
  100  12:22  SCV  
  61  12:34  SCV  
  61  12:36  Marine  
  61  12:37  Marine  
  60  12:46  Marine  
  64  12:53  Supply Depot  
  20  13:36  Refinery  
  16  13:48  Marine  
  11  14:02  Planetary Fortress  
  11  14:05  Marine  
  12  14:23  Marine  
  13  14:29  Viking  
  14  14:41  Marine  
  14  14:44  Missile Turret  
  15  14:50  Missile Turret  
  15  15:06  Starport Reactor  
  15  15:07  Command Center  
  15  15:09  Terran Infantry Armor Level 1  
  15  15:12  Refinery  
  15  15:37  Supply Depot  
  15  15:38  Supply Depot  
  15  15:44  Starport Tech Lab  
  15  15:55  Supply Depot  
  15  15:58  Marine  
  15  15:59  Viking x2, SCV  
  21  16:11  SCV  
  22  16:23  SCV  
  23  16:28  Viking x2  
  27  16:35  SCV  
  28  16:47  SCV  
  29  16:57  Orbital Command  
  29  16:58  Viking x2  
  33  17:02  Refinery  
Show
View Real Time Build Order
Export as new Build Order

MattBarry Terran 

Build Orders: Gas First Reaper Expand, Mech 

Get SALT Encoding   

  12  0:00  SCV  
  13  0:12  SCV  
  14  0:18  Supply Depot  
  14  0:24  SCV  
  15  0:32  Refinery  
  15  0:39  SCV  
  16  0:46  Barracks  
  16  0:53  SCV  
  17  1:06  SCV  
  18  1:18  SCV  
  19  1:33  Orbital Command  
  19  1:35  Reaper  
  20  1:51  Command Center  
  20  1:59  SCV  
  20  2:09  Marine  
  21  2:18  Factory  
  21  2:20  SCV  
  22  2:28  Barracks Reactor, Refinery  
  22  2:33  SCV  
  23  2:42  Supply Depot  
  23  2:51  Engineering Bay  
  23  3:02  Orbital Command, SCV  
  24  3:15  SCV  
  24  3:18  Starport  
  25  3:23  Widow Mine x2  
  25  3:27  Barracks Tech Lab, SCV  
  30  3:30  SCV  
  31  3:39  SCV  
  32  3:45  Missile Turret  
  32  3:51  Widow Mine x2  
  32  3:53  SCV x2  
  38  3:56  Supply Depot  
  38  4:00  Refinery  
  40  4:11  SCV x2  
  40  4:12  Barracks Reactor  
  40  4:16  Supply Depot  
  42  4:18  Raven  
  42  4:22  Supply Depot  
  42  4:23  SCV x2  
  44  4:28  Armory  
  44  4:30  Widow Mine  
  44  4:31  Widow Mine  
  48  4:35  SCV x2  
  50  4:50  SCV  
  50  4:51  SCV  
  52  5:02  SCV  
  52  5:03  SCV  
  52  5:05  Supply Depot  
  54  5:08  Factory  
  54  5:11  Factory  
  54  5:15  SCV x2  
  54  5:17  Widow Mine x2  
  60  5:39  Fusion Core  
  60  5:45  SCV x2  
  60  5:48  Refinery  
  62  5:57  SCV x2  
  62  6:00  Factory Tech Lab x2  
  64  6:08  Starport x2  
  64  6:09  SCV x2  
  66  6:14  Command Center  
  66  6:21  SCV x2  
  68  6:26  Siege Tank  
  71  6:34  SCV x2  
  71  6:37  Siege Tank  
  76  6:46  SCV x2  
  78  6:49  Starport Tech Lab x2  
  78  6:52  Weapon Refit  
  66  7:18  Hellion x2, Siege Tank x2  
  64  7:58  Orbital Command  
  64  8:07  SCV  
  64  8:08  SCV  
  66  8:13  Refinery  
  66  8:16  Battlecruiser  
  73  8:20  SCV x2  
  73  8:21  Refinery  
  73  8:25  Refinery  
  74  8:27  Refinery  
  74  8:32  SCV x2  
  76  8:36  SCV  
  76  8:38  Command Center  
  77  8:50  SCV x3  
  77  8:52  Supply Depot  
  80  9:02  SCV x3  
  83  9:07  Battlecruiser  
  89  9:14  Supply Depot x2  
  89  9:15  Supply Depot  
  89  9:19  Armory  
  89  9:20  SCV x3  
  88  9:32  SCV x3  
  69  10:02  Orbital Command  
  63  10:09  Battlecruiser x2  
  75  10:32  Command Center  
  75  10:33  SCV x2  
  77  10:38  Command Center  
  77  10:43  Terran Vehicle And Ship Armor Level 1  
  77  10:45  SCV x2  
  79  10:53  Viking  
  81  11:14  Battlecruiser x2  
  93  11:22  SCV x2  
  95  11:30  Battlecruiser  
  101  11:34  SCV  
  102  11:40  SCV  
  79  12:16  Orbital Command  
  79  12:18  Battlecruiser  
  79  12:19  Refinery  
  85  12:42  Orbital Command  
  85  12:46  Refinery  
  86  12:58  Battlecruiser x2  
  38  13:56  Viking  
  38  14:02  Hellion x3  
  42  14:03  Hellion  
  40  14:18  Command Center  
  40  14:28  Battlecruiser  
  40  14:29  Command Center  
  46  14:33  Command Center x2  
  46  14:43  Siege Tank  
  46  14:44  Siege Tank  
  52  15:06  Widow Mine  
  47  15:57  Orbital Command  
  47  15:58  Orbital Command  
  47  16:25  Orbital Command  
  47  16:58  Siege Tank x2  
Show
View Real Time Build Order
Export as new Build Order

Alebay Protoss 

Build Orders:  

Get SALT Encoding   

  12  0:00  Probe  
  13  0:12  Probe  
  14  0:18  Pylon  
  14  0:24  Probe  
  15  0:36  Probe  
  15  0:41  Gateway  
  16  0:47  Assimilator  
  16  0:48  Probe  
  17  1:01  Probe  
  18  1:12  Pylon  
  18  1:14  Probe  
  19  1:18  Assimilator  
  19  1:28  Probe  
  22  1:36  Cybernetics Core  
  20  1:51  Nexus  
  20  1:52  Probe  
  21  2:02  Pylon  
  21  2:05  Probe  
  22  2:18  Forge  
  22  2:19  Warp Gate (Chrono Boost)  
  22  2:23  Adept  
  22  2:26  Probe  
  25  2:44  Probe  
  26  2:52  Adept  
  26  2:56  Probe  
  29  3:12  Gateway  
  29  3:13  Probe x2  
  31  3:21  Protoss Ground Weapons Level 1 (Chrono Boost)  
  31  3:25  Probe x2  
  33  3:37  Pylon, Probe x2  
  35  3:47  Assimilator  
  35  3:49  Probe x2  
  35  3:54  Gateway  
  37  4:00  Adept  
  39  4:08  Twilight Council  
  39  4:16  Stalker  
  41  4:22  Probe x2  
  43  4:27  Stalker  
  45  4:40  Gateway  
  45  4:41  Gateway  
  45  4:42  Gateway  
  45  4:47  Probe  
  45  4:48  Probe  
  45  4:50  Stalker x2  
  51  4:53  Zealot  
  51  4:58  Resonating Glaives  
  53  5:03  Probe x2  
  55  5:10  Robotics Facility  
  55  5:12  Robotics Facility  
  55  5:18  Protoss Ground Armor Level 1 (Chrono Boost)  
  55  5:21  Adept x3  
  61  5:43  Pylon  
  61  5:45  Pylon  
  61  5:48  Pylon  
  61  5:51  Probe  
  62  6:01  Probe  
  63  6:07  Robotics Bay  
  63  6:11  Pylon  
  63  6:12  Probe  
  63  6:17  Assimilator  
  64  6:39  Blink  
  64  6:44  Probe x2  
  66  6:50  Stalker x4  
  66  6:51  Stalker  
  76  7:14  Adept x2  
  76  7:15  Adept x4  
  88  7:19  Immortal  
  92  7:36  Protoss Shields Level 1  
  92  7:52  Immortal  
  94  8:16  Pylon  
  94  8:18  Pylon  
  94  8:23  Pylon  
  94  8:27  Pylon  
  94  8:29  Pylon  
  94  8:40  Nexus  
  94  8:43  Pylon  
  94  8:45  Pylon  
  94  8:49  Pylon  
  94  8:50  Adept x3  
  94  8:51  Stalker x3  
  94  8:52  Pylon  
  94  8:54  Immortal  
  94  8:55  Immortal  
  114  8:57  Pylon  
  114  8:59  Assimilator  
  114  9:03  Assimilator  
  114  9:40  Stalker x2  
  114  9:41  Stalker x4  
  126  9:58  Charge  
  126  10:00  Protoss Ground Weapons Level 2 (Chrono Boost)  
  124  10:25  Probe x2  
  126  10:39  Stalker  
  126  10:40  Stalker x5  
  138  10:45  Colossus x2  
  150  11:34  Probe x2  
  150  11:38  Colossus x2  
  164  11:43  Stalker  
  164  11:44  Stalker x3  
  164  11:45  Stalker x2  
  164  11:46  Probe x2  
  144  12:15  Stalker x6  
  144  12:41  Stalker x4  
  144  12:42  Stalker x2  
  156  12:52  Colossus x2  
  94  14:06  Stalker x4  
  94  14:07  Stalker x2  
  94  14:08  Immortal x2  
  92  14:33  Stalker x3  
  92  14:34  Stalker  
  92  14:35  Zealot x2  
  92  14:37  Protoss Ground Weapons Level 3  
  104  14:47  Immortal  
  104  14:48  Immortal  
  112  14:59  Robotics Facility  
  112  15:00  Robotics Facility  
  112  15:03  Stalker x5  
  112  15:04  Stalker  
  124  15:36  Zealot x3  
  124  15:37  Zealot x3  
  136  15:44  Colossus x2  
  84  16:30  Zealot x2  
  84  16:31  Zealot x4  
  74  16:35  Colossus  
  74  16:36  Colossus  
  74  16:37  Colossus  
  92  16:51  Zealot x6  
  80  17:14  Stalker x4  
  80  17:15  Stalker  
Show
View Real Time Build Order
Export as new Build Order

MattBarry Zerg 

Build Orders: Pool First 

Get SALT Encoding   

  12  0:01  Drone  
  13  0:11  Drone  
  14  0:42  Overlord  
  14  0:45  Extractor  
  14  0:47  Spawning Pool  
  14  0:48  Drone  
  13  0:52  Drone  
  14  1:09  Drone  
  15  1:15  Drone  
  16  1:20  Drone  
  17  1:31  Drone  
  18  1:33  Queen  
  20  1:45  Drone  
  20  1:46  Hatchery  
  20  1:49  Drone  
  21  2:00  Metabolic Boost  
  21  2:32  Drone  
  22  2:37  Overlord  
  22  2:46  Extractor  
  22  2:49  Queen, Evolution Chamber  
  22  2:57  Queen  
  24  2:59  Zergling x2  
  24  3:01  Drone x2  
  24  3:02  Zergling x4  
  29  3:07  Baneling Nest  
  29  3:11  Drone  
  29  3:18  Zerg Ground Armor Level 1  
  29  3:28  Drone x3  
  32  3:42  Drone  
  32  3:43  Drone x3  
  36  3:49  Overlord  
  36  4:01  Lair  
  36  4:05  Pneumatized Carapace  
  36  4:17  Drone  
  36  4:18  Zergling x4, Drone  
  36  4:19  Zergling x2  
  36  4:20  Zergling x2  
  42  5:05  Drone x2  
  42  5:06  Overlord x3  
  44  5:18  Hatchery  
  43  5:52  Drone x2  
  43  5:53  Zergling x6  
  43  5:54  Overlord  
  48  6:10  Zergling x6  
  48  6:11  Zergling x4, Drone  
  53  6:12  Drone  
  55  6:26  Drone x3  
  58  6:42  Queen  
  60  6:49  Drone x2  
  60  6:51  Drone x2  
  59  7:06  Hatchery  
  58  7:25  Zergling x2  
  58  7:26  Zergling x16  
  66  8:22  Queen  
  66  8:24  Drone  
  66  8:25  Overlord  
  66  8:26  Drone x3, Overlord  
  66  8:27  Drone x4  
  74  8:31  Extractor  
  75  8:35  Extractor  
  74  8:45  Zergling x6  
  77  8:56  Hydralisk Den  
  76  9:27  Baneling  
  76  9:28  Baneling x8  
  76  9:29  Baneling x4  
  76  9:35  Centrifugal Hooks  
  76  10:02  Zergling x2  
  76  10:03  Zergling x12, Overlord x5  
  83  10:10  Hydralisk x2  
  83  10:12  Overlord x3  
  59  10:46  Drone x2  
  59  10:47  Drone x2  
  63  10:56  Overlord x2  
  63  11:06  Zerg Melee Weapons Level 1  
  63  11:11  Infestation Pit  
  62  11:12  Grooved Spines  
  62  11:26  Zergling x20  
  62  11:27  Zergling x30  
  87  11:49  Hydralisk x4  
  95  12:02  Baneling  
  95  12:03  Baneling  
  95  12:04  Baneling x12  
  95  12:05  Baneling x6  
  95  12:06  Baneling x4  
  95  12:08  Overlord x3  
  75  12:28  Zergling x2  
  75  12:29  Zergling x24  
  77  13:03  Zergling x14  
  77  13:04  Zergling x10  
  86  13:31  Queen  
  86  13:33  Queen  
  92  13:34  Zergling x2  
  92  13:35  Zergling x18  
  102  13:46  Hive  
  64  14:36  Zergling x2  
  64  14:37  Zergling x34  
  75  14:50  Zergling x2  
  75  14:51  Zergling x10  
  81  15:09  Hatchery  
  65  16:15  Zergling x2  
  65  16:16  Zergling x42  
  78  16:34  Zergling x2  
  78  16:35  Zergling x12  
  67  16:48  Baneling x9  
  67  16:49  Baneling x4  
Tags
 
Add a new tag
Caveats
  • Supply blocks, unpowered buildings, or Contaminate may cause inaccurate times.
  • Supply counts are checked every 10 seconds.